 Dungeon Crawl Stone Soup version 0.20.1-1-g8b1a95d (webtiles) character file.

163 Inarius the Purveyor of Pain (level 5, -9/38 HPs)
             Began as a Demonspawn Necromancer on July 5, 2017.
             Was an Initiate of Kikubaaqudgha.
             Mangled by an ogre
             ... wielding a cursed -1 giant club
              (22 damage)
             ... on level 4 of the Dungeon.
             The game lasted 00:14:20 (3223 turns).

Inarius the Purveyor of Pain (DsNe)                 Turns: 3223, Time: 00:14:21

Health: -9/38      AC:  7    Str:  8    XL:     5   Next: 20%
Magic:  2/9        EV:  9    Int: 18    God:    Kikubaaqudgha [......]
Gold:   224        SH:  0    Dex: 13    Spells: 2/10 levels left

rFire    . . .     SeeInvis .   y - +0 long sword
rCold    . . .     Gourm    .   (no shield)
rNeg     . . .     Faith    .   u - +0 scale mail
rPois    +         Spirit   .   (no helmet)
rElec    .         Reflect  .   z - +0 cloak
rCorr    .         Harm     .   (no gloves)
MR       .....                  (no boots)
Stlth    +.........             (no amulet)
Regen    0.2/turn               s - ring of poison resistance
MPRegen  0.2/turn               (no ring)

@: very slightly contaminated, invisible (expiring)
A: nightstalker 1, powered by pain 1, sturdy frame 1
a: Renounce Religion


You were on level 4 of the Dungeon.
You worshipped Kikubaaqudgha.
Kikubaaqudgha was noncommittal.
You were not hungry.

You visited 1 branch of the dungeon, and saw 4 of its levels.

You collected 224 gold pieces.

Inventory:

Hand Weapons
 y - a +0 long sword (weapon)
Armour
 o - a +0 chain mail
 u - a +0 scale mail (worn)
 z - a +0 cloak (worn)
Jewellery
 s - a ring of poison resistance (left hand)
Wands
 k - a wand of lightning (6/15)
 v - a wand of random effects (24/48)
Scrolls
 i - a scroll of noise {unknown}
 l - 2 scrolls of remove curse
 w - 2 scrolls of enchant weapon {unknown}
 x - 2 scrolls of teleportation {unknown}
 A - a scroll of fog {unknown}
Potions
 e - 7 potions of curing
 f - 3 potions of mutation {unknown}
 g - 2 potions of flight {unknown}
 h - 2 potions of heal wounds {unknown}
 m - a potion of lignification
 n - a potion of brilliance {unknown}
 r - a potion of resistance {unknown}
Books
 b - a book of Necromancy

   Spells                             Type                      Level
   a - Pain                           Necromancy                   1
   b - Animate Skeleton               Necromancy                   1
   c - Vampiric Draining              Necromancy                   3
   d - Regeneration                   Charms/Necromancy            3
   e - Animate Dead                   Necromancy                   4
   f - Control Undead                 Necromancy                   4
Comestibles
 a - 4 royal jellies
 c - 5 bread rations
 p - 2 fruits
 q - a meat ration
 t - a chunk of flesh


   Skills:
 * Level 2.0 Fighting
 + Level 1.1 Armour
 + Level 2.0 Dodging
 - Level 1.7 Stealth
 + Level 3.0 Spellcasting
 * Level 5.6 Necromancy


You had 2 spell levels left.
You knew the following spells:

 Your Spells              Type           Power        Failure   Level  Hunger
a - Pain                  Necr           ###.         7%          1    None
b - Animate Skeleton      Necr           N/A          7%          1    None
c - Vampiric Draining     Necr           ###.......   21%         3    ###....
d - Regeneration          Chrm/Necr      ##........   54%         3    ###....


Dungeon Overview and Level Annotations

Branches:
Dungeon (4/15)
 Temple: D:4-7

Altars:
Cheibriados
Dithmenos
Elyvilon
Fedhas
Kikubaaqudgha
Makhleb
Qazlal
Sif Muna
Uskayaw
Xom
Zin

Annotations:
D:4 Robin


Innate Abilities, Weirdness & Mutations

You are slightly more attuned to the shadows.
You sometimes gain a little power by taking damage.
Your movements are slightly less encumbered by armour. (ER -2)


Message History

You hear a shout!
The orc wizard casts a spell at the adder.
The adder resists with significant effort.
The adder hisses angrily.
The orc closely misses you.
You riposte.
You hit the orc.
You kill the orc!
Kikubaaqudgha accepts your kill.
A puff of flame appears from out of thin air!
The puff of flame hits you!
You flicker for a moment.
An ogre comes into view. It is wielding a giant club.
The ogre shouts!
A magic dart appears from out of thin air!
The magic dart hits you!
A puff of flame appears from out of thin air!
A puff of frost appears from out of thin air!
The ogre hits you with a giant club!!
Ouch! That really hurt!
You die...
Kikubaaqudgha rasps: "You have failed me!
Welcome... death!"

###.###...
.......(.g# #.
#.###.###.#.#.###.##
#.
#.....#...#.#...#.#
#.
####..#.###.###.#.#
#. ##.............#
## #.>.....g.....#
#......{o.....#
####........######
#.....@O....#
#.........>.#
###.....#######
#.<.......#
#....>....#
#.........#
#.........#
#.........#
#.........#


You could see an ogre, an orc wizard and a hobgoblin.

Vanquished Creatures
  Natasha (D:4)
  6 adders
  An ooze (D:2)
  2 worms (D:3)
  A dart slug (D:3)
  3 leopard geckos
  4 orcs
  A giant cockroach (D:3)
  7 goblins
  9 hobgoblins
  4 jackals (D:3)
  4 kobolds
  A quokka (D:3)
  7 bats
  5 frilled lizards
  A leopard gecko skeleton (D:3)
  10 rats
67 creatures vanquished.

Vanquished Creatures (collateral kills)
  2 hobgoblins
  A bat (D:3)
  A kobold (D:3)
  A rat (D:2)
5 creatures vanquished.

Grand Total: 72 creatures vanquished

Notes
Turn   | Place    | Note
-------+----------+-------------------------------------------
     0 | D:1      | Inarius the Demonspawn Necromancer began the quest for the Orb.
     0 | D:1      | Reached XP level 1. HP: 13/13 MP: 3/3
   127 | D:1      | Learned a level 1 spell: Animate Skeleton
   399 | D:1      | Gained mutation: Your movements are slightly less encumbered by armour. (ER -2) [demonic ancestry]
   399 | D:1      | Reached XP level 2. HP: 19/19 MP: 3/5
   567 | D:1      | Found a shimmering altar of Xom.
   800 | D:1      | Reached skill level 5 in Necromancy
  1084 | D:2      | Reached XP level 3. HP: 24/25 MP: 4/6
  1106 | D:2      | Found a white marble altar of Elyvilon.
  1225 | D:2      | Reached skill level 1 in Fighting
  1374 | D:2      | Learned a level 3 spell: Vampiric Draining
  1411 | D:2      | Found a burning altar of Makhleb.
  1413 | D:2      | Noticed a balrug
  1498 | D:2      | Found a deep blue altar of Sif Muna.
  2063 | D:3      | Gained mutation: You are slightly more attuned to the shadows. [demonic ancestry]
  2063 | D:3      | Reached XP level 4. HP: 30/32 MP: 4/7
  2088 | D:3      | Found a burning altar of Makhleb.
  2091 | D:3      | Found a glowing silver altar of Zin.
  2091 | D:3      | Noticed an angel
  2093 | D:3      | Noticed a balrug
  2129 | D:3      | Found a shadowy altar of Dithmenos.
  2164 | D:3      | Reached skill level 1 in Armour
  2176 | D:3      | HP: 1/32 [jackal (3)]
  2338 | D:3      | Found a stormy altar of Qazlal.
  2338 | D:3      | Found a hide-covered altar of Uskayaw.
  2338 | D:3      | Found a snail-covered altar of Cheibriados.
  2411 | D:3      | Found a blossoming altar of Fedhas.
  2414 | D:3      | Found an ancient bone altar of Kikubaaqudgha.
  2432 | D:3      | Became a worshipper of Kikubaaqudgha
  3095 | D:4      | Noticed Natasha
  3114 | D:4      | Killed Natasha
  3114 | D:4      | Gained mutation: You sometimes gain a little power by taking damage. [demonic ancestry]
  3114 | D:4      | Reached XP level 5. HP: 11/38 MP: 5/9
  3154 | D:4      | Learned a level 3 spell: Regeneration
  3199 | D:4      | Noticed Robin
  3220 | D:4      | Noticed an ogre
  3223 | D:4      | Mangled by an ogre

Skill      XL: |  1  2  3  4 |
---------------+-------------+-----
Necromancy     | 5 |  5.6
Fighting       | 1 2 |  2.0
Armour         | 1 |  1.1
Dodging        | 2 |  2.0
Spellcasting   | 3 |  3.0
Stealth        | |  1.7

Action                   |  1- 3 |  4- 6 || total
-------------------------+-------+-------++-------
Melee: Dagger            |    39 |    77 ||   116
       Long sword        |       |    14 ||    14
 Cast: Pain              |    56 |    34 ||    90
       Animate Skeleton  |    19 |    12 ||    31
       Vampiric Draining |       |     7 ||     7
       Regeneration      |       |     1 ||     1
  Use: Scroll            |       |     4 ||     4
       Potion            |       |     2 ||     2
 Stab: Sleeping          |       |     1 ||     1
  Eat: Chunk             |     4 |     5 ||     9
Armor: Robe              |     1 |       ||     1
       Ring mail         |    18 |    16 ||    34
       Scale mail        |       |    16 ||    16
Dodge: Dodged            |    36 |    59 ||    95
       Rpst.: Long sword |       |     1 ||     1
